 Dungeon Crawl Stone Soup version 0.30.1-11-g7821555f0a (webtiles) character file.

Game seed: 16786564255428808780

38845 jagang the Fencer (level 14, -4/148 HPs)
             Began as a Human Monk on Jan 3, 2024.
             Was the Champion of the Shining One.
             Slain by a bone dragon (14 damage)
             ... on level 2 of the Abyss.
             The game lasted 01:22:03 (19031 turns).

jagang the Fencer (Human Monk)                     Turns: 19031, Time: 01:22:03

Health: -4/148     AC: 27    Str: 11 (12) XL:     14   Next: 36%
Magic:  1/21       EV:  9    Int: 11      God:    the Shining One [******]
Gold:   805        SH: 18    Dex: 26      Spells: 13/13 levels left

rFire   + . .        R - +3 scimitar (protect)
rCold   + . .        d - +5 kite shield {rC+}
rNeg    + + +        E - +4 scale mail {Will+}
rPois   +            y - +0 helmet
rElec   .            n - +0 cloak
rCorr   .            L - +2 pair of gloves {infuse}
SInv    +            (no boots)
Will    ++...        t - amulet of the acrobat Stlth
                     h - ring of the Garden {rPois rF+ Dex+2}
HPRegen 0.44/turn    J - ring "Otafa" {Contam Fly Int+3 Dex+5 SInv}
MPRegen 0.17/turn

%: acrobat, infuse magic (1 MP)
@: berserking, under a protective aura, flying, glowing, very quick
A: clumsy 1, deterioration 1, dopey 1, frail 1
a: Renounce Religion, Divine Shield, Cleansing Flame, Summon Divine Warrior,
Brand Weapon With Holy Wrath


You were on level 2 of the Abyss.
You worshipped the Shining One.
The Shining One was exalted by your worship.
You visited 4 branches of the dungeon, and saw 16 of its levels.
You visited the Abyss 1 time.
You also visited: Ossuary and Gauntlet.

You collected 1559 gold pieces.
You spent 754 gold pieces at shops.

Inventory:

Hand Weapons
 m - the +8 hammer of Eternal War {flame, rElec rC+++ rN+ Dex-2}
   (You found it on level 2 of the Dungeon)

   Dex:       It affects your dexterity (-2).
   rC:        It renders you almost immune to cold.
   rElec:     It insulates you from electricity.
   rN:        It protects you from negative energy.
 C - a +4 heavy great sword
 R - a +3 scimitar of protection (weapon)
Missiles
 b - 3 silver boomerangs
 q - 18 poisoned darts
 x - 18 javelins
 F - 17 boomerangs (quivered)
Armour
 d - a +5 kite shield of cold resistance (worn)
 n - a +0 cloak (worn)
 y - a +0 helmet (worn)
 E - a +4 scale mail of willpower (worn)
 L - a +2 pair of gloves of infusion (worn)
Jewellery
 e - a ring of willpower
 h - the ring of the Garden (left hand) {rPois rF+ Dex+2}
   (You found it in a Gauntlet)

   [ring of protection from fire]

   Dex:       It affects your dexterity (+2).
   rF:        It protects you from fire.
   rPois:     It protects you from poison.
 t - an amulet of the acrobat (around neck)
 z - a +5 ring of evasion
 J - the ring "Otafa" (right hand) {Contam Fly Int+3 Dex+5 SInv}
   (You found it on level 9 of the Dungeon)

   [ring of see invisible]

   Int:       It affects your intelligence (+3).
   Dex:       It affects your dexterity (+5).
   SInv:      It lets you see invisible.
   Fly:       It grants you flight.
   Contam:    It causes magical contamination when unequipped.
Wands
 f - a wand of flame (34)
 g - a wand of mindburst (7)
 o - a wand of light (4)
 s - a wand of paralysis (10)
 G - a wand of polymorph (23)
 Q - a wand of digging (3)
Scrolls
 i - a scroll of summoning
 l - 3 scrolls of teleportation
 p - 4 scrolls of fear
 w - 7 scrolls of enchant armour
 A - a scroll of noise
 I - a scroll of silence
 S - 4 scrolls of amnesia
 X - a scroll of poison
 Y - a scroll of blinking
Potions
 a - a potion of curing
 c - 2 potions of ambrosia
 j - 4 potions of lignification
 r - 2 potions of cancellation
 u - 4 potions of flight
 v - 2 potions of might
 B - 2 potions of haste
 M - 4 potions of attraction
 O - 2 potions of brilliance
 U - a potion of heal wounds {unknown}


   Skills:
 + Level 10.2 Fighting
 * Level 16.0 Long Blades
 - Level 2.7 Maces & Flails
 + Level 4.2 Throwing
 * Level 12.6 Armour
 - Level 3.0 Dodging
 + Level 7.1 Shields
 + Level 9.4 Invocations
 - Level 3.1 Evocations


You had 13 spell levels left.
You didn't know any spells.
Your spell library contained the following spells:

 Spells                   Type           Power      Damage    Failure   Level
 Apportation              Tloc           0%         N/A       99%         1
 Freeze                   Ice            0%         1d3       99%         1
 Necrotise                Necr           0%         1d4       99%         1
 Slow                     Hex            0%         N/A       99%         1
 Sting                    Tmut/Pois      0%         1d3       99%         1
 Summon Small Mammal      Summ           0%         N/A       99%         1
 Poisonous Vapours        Pois/Air       0%         N/A       100%        2
 Scorch                   Fire           0%         2d5       100%        2
 Call Canine Familiar     Summ           0%         N/A       100%        3
 Confusing Touch          Hex            0%         N/A       100%        3
 Ignite Poison            Fire/Tmut/Pois 0%         N/A       100%        3
 Mephitic Cloud           Conj/Pois/Air  0%         N/A       100%        3
 Summon Guardian Golem    Hex/Summ       0%         N/A       100%        3
 Vampiric Draining        Necr           0%         2d6       100%        3
 Flame Wave               Conj/Fire      0%         2d4       100%        4
 Leda's Liquefaction      Hex/Erth       0%         N/A       100%        4
 Olgreb's Toxic Radiance  Pois           0%         N/A       100%        4
 Sticky Flame             Conj/Fire      0%         2d3       100%        4
 Summon Ice Beast         Ice/Summ       0%         N/A       100%        4
 Fireball                 Conj/Fire      0%         3d3       100%        5
 Lee's Rapid Deconstruct  Erth           0%         3d4*      100%        5
 Summon Forest            Summ/Tloc      0%         N/A       100%        5
 Statue Form              Tmut/Erth      0%         N/A       100%        6
 Summon Cactus Giant      Summ           0%         N/A       100%        6
 Ignition                 Fire           0%         3d3       100%        8


Dungeon Overview and Level Annotations

Branches:
Dungeon (12/15)            Temple (1/1) D:7            Lair (1/5) D:8
    Orc (2/2) D:12            Elf (0/3) Orc:2       Ossuary (visited)
Gauntlet (visited)

Altars:
Ashenzari
Cheibriados
Dithmenos
Elyvilon
Fedhas
Makhleb
Nemelex Xobeh
Okawaru
Ru
Sif Muna
Uskayaw
Vehumet
Wu Jian
Yredelemnul
Zin
The Shining One

Shops:
D:2 (   D:4 (*   D:12 *

Portals:
Abyss: D:6

Annotations:
D:9 exclusion: orange crystal statue
D:11 Harold
D:12 1 runed translucent door, caec's ghost, journeyman DrTm


Innate Abilities, Weirdness & Mutations

You are clumsy. (Dex -2)
Your body sometimes deteriorates upon taking damage.
You are dopey. (Int -2)
You are frail. (-10% HP)


Message History

You slash the bone dragon!
The bone dragon is heavily damaged.
You hit the bone dragon but do no damage.
The bone dragon is heavily damaged.
You block the bone dragon's attack. The bone dragon completely misses you.
You block the bone dragon's attack.
You slash the bone dragon!
The bone dragon is heavily damaged.
The bone dragon closely misses you. You block the bone dragon's attack.
The bone dragon tramples you but does no damage.
The smoke demon gestures at you. Something smites you!
* * * LOW HITPOINT WARNING * * *
You hit the bone dragon but do no damage.
The bone dragon is heavily damaged.
The bone dragon bites you but does no damage.
The bone dragon claws you but does no damage.
You block the bone dragon's attack. The smoke demon gestures at you.
Something smites you!
* * * LOW HITPOINT WARNING * * *
It was a potion of berserk rage.
A red film seems to cover your vision as you go berserk!
You feel yourself moving faster!
You feel mighty! The bone dragon bites you.
* * * LOW HITPOINT WARNING * * *
The bone dragon completely misses you.
The bone dragon tramples you but does no damage.
Unknown command.
You slash the bone dragon!
The bone dragon is heavily damaged.
The bone dragon bites you but does no damage.
You block the bone dragon's attack.
The bone dragon tramples you but does no damage.
You slash the bone dragon!
The bone dragon is heavily damaged.
You slice the bone dragon!!
The bone dragon is severely damaged.
The glowing orange brain pulsates ominously.
The bone dragon bites you!
You die...

.. ### ##. # ...G #.# .
.# . # .# #...###.....
.. . #.†.#..#. ..#.#
#.......... ...
##..3#..#.. .. #.##.#D##
# ≈ ~ #. ##.... #@# #
~.~~≈~~~~.#...##........
# ~ ~~.....###...#.#. #
~ ...#.....# ##... # .
~~ ..#...## ..... ...
##.....#.# ##.# #. . # #
#.. # . . . # # # ... #.
# ..#


You could see a bone dragon and a smoke demon.

Vanquished Creatures
  Rupert (D:12)
  Gastronok (D:10)
  A minotaur (Gauntlet)
  A blizzard demon (Abyss:2)
  Fannar (D:10)
  An entropy weaver (shapeshifter) (D:12)
  A rakshasa (Abyss:2)
  A centaur warrior (Orc:2)
  A tengu warrior (Gauntlet)
  3 two-headed ogres
  A thrashing horror (Abyss:2)
  An orc high priest (Orc:1)
  Urug (D:12)
  6 orc knights
  2 large abominations (Abyss:2)
  Pikel (D:8)
  A mana viper (shapeshifter) (Abyss:2)
  An orc sorcerer (Orc:1)
  3 ugly things
  A will-o-the-wisp (Abyss:2)
  Joseph (D:10)
  A cyclops (Orc:1)
  A smoke demon (Abyss:2)
  A gargoyle (D:10)
  A hellion (Gauntlet)
  Psyche (D:8)
  An unseen horror zombie (D:7)
  A yaktaur (D:12)
  A komodo dragon (D:11)
  3 kobold demonologists (D:12)
  An unseen horror (D:12)
  4 trolls
  A tengu conjurer (Gauntlet)
  An ancient zyme (D:6)
  A red devil (Gauntlet)
  A queen bee (Gauntlet)
  A polar bear (Lair:1)
  4 raiju (Abyss:2)
  Grinder (D:5)
  2 slime creatures (D:12)
  Sigmund (D:5)
  2 shadows
  3 vampires
  2 ynoxinuls (Abyss:2)
  6 wyverns
  3 yaks (D:12)
  A wraith (D:9)
  3 neqoxecs (Abyss:2)
  4 steam dragons
  6 wargs
  7 vampire mosquitoes
  Edmund (D:6)
  2 acid dragons
  6 water moccasins
  2 hell hounds (Gauntlet)
  37 orc warriors
  3 black bears
  2 sky beasts (D:7)
  5 ogres
  2 wolves
  14 centaurs
  4 lemures (D:8)
  3 kobold brigands
  A phantom (D:4)
  A bullfrog (D:8)
  A wyvern zombie (D:7)
  Blork the orc (D:5)
  3 scorpions
  5 small abominations
  6 water moccasin zombies
  3 wights (D:8)
  11 killer bees
  4 howler monkeys
  3 centaur zombies (D:7)
  2 quasits (Abyss:2)
  15 orc priests
  Crazy Yiuf (D:2)
  2 hounds
  2 sleepcaps
  Jessica (D:2)
  5 iguanas
  Natasha (thrice) (D:4)
  29 orc wizards
  A killer bee zombie (D:7)
  2 mummies (Ossuary)
  A howler monkey zombie (D:7)
  Robin (D:4)
  14 gnolls
  9 adders
  A shadow imp (D:6)
  2 white imps
  4 ufetubi
  6 adder zombies (Ossuary)
  2 worms
  The ghost of AberrantSnake the Sneak, a weakling AtDe (D:6)
  3 dart slugs
  93 orcs
  2 bats (D:1)
  4 endoplasms
  3 giant cockroaches
  14 goblins
  8 hobgoblins
  7 jackals
  12 kobolds
  3 quokkas
  6 ball pythons
  7 frilled lizards
  2 gnoll zombies (Ossuary)
  6 hobgoblin zombies (Ossuary)
  4 kobold zombies (Ossuary)
  6 orc zombies (Ossuary)
  7 rats
508 creatures vanquished.

Vanquished Creatures (others)
  4 orcs (D:9)
  2 foxfires (Abyss:2)
6 creatures vanquished.

Grand Total: 514 creatures vanquished

Notes
Turn   | Place    | Note
-------+----------+-------------------------------------------
     0 | D:1      | jagang the Human Monk began the quest for the Orb.
     0 | D:1      | Reached XP level 1. HP: 18/18 MP: 1/1
    84 | D:1      | Reached XP level 2. HP: 19/24 MP: 2/2
   376 | D:1      | Reached skill level 1 in Armour
   888 | D:2      | Reached XP level 3. HP: 28/29 MP: 3/3
  1264 | D:2      | Identified the +8 hammer of Eternal War {flame, rElec rC+++
                  | rN+ Dex-2}
  1274 | D:2      | Found a runed translucent door.
  1275 | D:2      | Noticed Crazy Yiuf
  1281 | D:2      | Killed Crazy Yiuf
  1282 | D:2      | Reached XP level 4. HP: 15/37 MP: 4/4
  1286 | D:2      | Identified the +0 hammer "Borphallo" {venom, rCorr Dex+3}
  1407 | D:2      | Found a faded altar of an unknown god.
  1418 | D:2      | Noticed Jessica
  1421 | D:2      | Killed Jessica
  1422 | D:2      | Reached XP level 5. HP: 42/42 MP: 5/5
  1703 | D:2      | Found Meon's Weapon Shoppe.
  1811 | D:3      | Reached skill level 4 in Long Blades
  2481 | D:4      | Found Waosch's Antique Weapon Shop.
  2513 | D:4      | Noticed Robin
  2527 | D:4      | Killed Robin
  2528 | D:4      | Reached XP level 6. HP: 24/48 MP: 6/6
  2759 | D:4      | Identified the +1 dagger of Broken Luck {holy, Str+3}
  2923 | D:4      | Identified a scroll of acquirement
  2930 | D:4      | Acquired a manual of Long Blades
  2945 | D:4      | Reached skill level 1 in Maces & Flails
  3040 | D:4      | Reached skill level 1 in Invocations
  3218 | D:4      | Reached XP level 7. HP: 46/55 MP: 7/7
  3258 | D:4      | Reached skill level 5 in Long Blades
  3301 | D:4      | Found Hybbeaddusch's General Store.
  3426 | D:4      | Noticed Natasha
  3431 | D:4      | Killed Natasha
  3547 | D:4      | Noticed Natasha
  3552 | D:4      | Killed Natasha
  3658 | D:4      | D:4
  3679 | D:4      | Bought a runed long sword for 214 gold pieces
  3699 | D:5      | Entered Level 5 of the Dungeon
  3733 | D:5      | Reached skill level 5 in Fighting
  3755 | D:5      | Found a sparkling altar of Nemelex Xobeh.
  3755 | D:5      | Noticed Sigmund
  3763 | D:5      | Noticed a water moccasin
  3771 | D:5      | Killed Sigmund
  3772 | D:5      | Reached skill level 6 in Long Blades
  3772 | D:5      | Reached XP level 8. HP: 57/62 MP: 9/9
  4104 | D:4      | Noticed Natasha
  4112 | D:4      | Killed Natasha
  4326 | D:5      | Noticed Grinder
  4351 | D:5      | Killed Grinder
  4352 | D:5      | Reached skill level 7 in Long Blades
  4352 | D:5      | Reached skill level 5 in Armour
  4470 | D:5      | Reached XP level 9. HP: 63/69 MP: 11/11
  4574 | D:5      | Noticed Blork the orc
  4585 | D:5      | Killed Blork the orc
  4693 | D:5      | Found a burning altar of Makhleb.
  4693 | D:5      | Noticed a balrug
  4696 | D:5      | Noticed a hellwing
  5043 | D:5      | Reached skill level 8 in Long Blades
  5043 | D:5      | Reached skill level 1 in Evocations
  5049 | D:5      | Reached skill level 1 in Throwing
  5554 | D:6      | Found a transporter.
  5556 | D:6      | Found a transporter.
  5569 | D:6      | Found a one-way gate to the infinite horrors of the Abyss.
  5569 | D:6      | Noticed AberrantSnake's ghost (weakling AtDe)
  5570 | D:6      | Noticed an ancient zyme
  5820 | D:6      | Noticed Edmund
  5826 | D:6      | Killed Edmund
  6220 | D:7      | Found a sand-covered staircase.
  6315 | D:7      | Reached skill level 9 in Long Blades
  6317 | D:7      | Found a staircase to the Ecumenical Temple.
  6433 | D:8      | Noticed a two-headed ogre
  6444 | D:8      | Killed a two-headed ogre
  6445 | D:8      | Reached XP level 10. HP: 46/77 MP: 11/13
  6478 | Temple   | Entered the Ecumenical Temple
  6488 | Temple   | Became a worshipper of the Shining One
  6488 | Temple   | Reached * piety under the Shining One
  6488 | Temple   | Reached ** piety under the Shining One
  6527 | D:7      | Found a blossoming altar of Fedhas.
  6552 | Ossuary  | Entered an ossuary
  6626 | Ossuary  | Reached *** piety under the Shining One
  6681 | Ossuary  | Reached skill level 10 in Long Blades
  6687 | Ossuary  | Reached **** piety under the Shining One
  6781 | D:7      | Found an iron altar of Okawaru.
  6874 | D:7      | Found a basalt altar of Yredelemnul.
  7279 | D:7      | Found Zin's Purification Station.
  7282 | D:7      | Found a glowing silver altar of Zin.
  7285 | D:7      | Bought a potion of curing for 90 gold pieces
  7577 | D:7      | Reached skill level 5 in Invocations
  7807 | D:8      | Found a staircase to the Lair.
  7825 | D:8      | Reached skill level 1 in Shields
  7831 | D:8      | Reached skill level 11 in Long Blades
  8234 | D:8      | Reached XP level 11. HP: 73/84 MP: 15/15
  8327 | D:8      | Noticed Psyche
  8341 | D:8      | Killed Psyche
  8498 | D:8      | Noticed Pikel
  8506 | D:8      | Killed Pikel
  8507 | D:8      | Reached skill level 12 in Long Blades
  8757 | D:8      | Reached ***** piety under the Shining One
  8997 | D:9      | Noticed an orange crystal statue
  9007 | D:9      | Identified the staff of air "Mein" {rElec Will- rCorr MP+9
                  | Str+9}
  9030 | D:9      | HP: 4/86 [poisoned by a killer bee]
  9030 | D:9      | The Shining One protects you from harm!
  9036 | D:9      | HP: 2/86 [steam dragon[an orange crystal statue] (7)]
  9375 | D:9      | Noticed a +0 dagger
  9377 | D:9      | Noticed a +0 spear
  9377 | D:9      | Noticed a +0 short sword
  9378 | D:9      | Noticed a +0 spear
  9378 | D:9      | Noticed a +0 short sword
  9378 | D:9      | Noticed a +0 falchion
  9380 | D:9      | Noticed a +0 falchion
  9380 | D:9      | Noticed a +0 dagger
  9416 | D:9      | Found a hide-covered altar of Uskayaw.
  9553 | D:10     | Entered Level 10 of the Dungeon
 10758 | D:9      | Identified the ring "Otafa" {Contam Fly Int+3 Dex+5 SInv}
 11215 | Lair:1   | Entered Level 1 of the Lair of Beasts
 11302 | Lair:1   | Found a gate leading to a gauntlet.
 11307 | Gauntlet | Entered a Gauntlet
 11307 | Gauntlet | Found a transporter.
 11307 | Gauntlet | Found a runed translucent gate.
 11307 | Gauntlet | Found a runed translucent gate.
 11309 | Gauntlet | Found a runed translucent gate.
 11314 | Gauntlet | Found a transporter.
 11316 | Gauntlet | Found a transporter.
 11320 | Gauntlet | Found a runed translucent door.
 11320 | Gauntlet | Noticed a tengu warrior
 11327 | Gauntlet | Found a runed translucent door.
 11330 | Gauntlet | Found a transporter.
 11332 | Gauntlet | Found a transporter.
 11341 | Gauntlet | Found a transporter.
 11357 | Gauntlet | Found a transporter.
 11359 | Gauntlet | Noticed a reaper
 11368 | Gauntlet | Found the +1 cloak of Starlight {*Dazzle EV+4 Stlth--}
 11369 | Gauntlet | Found a transporter.
 11376 | Gauntlet | Noticed a wizard
 11379 | Gauntlet | Found a transporter.
 11379 | Gauntlet | Noticed a wizard
 11384 | Gauntlet | Found a transporter.
 11384 | Gauntlet | Found a transporter.
 11414 | Gauntlet | Found a transporter.
 11414 | Gauntlet | Found a transporter.
 11428 | Gauntlet | Noticed a shining eye
 11527 | Gauntlet | Found a transporter.
 11545 | Gauntlet | Killed a tengu warrior
 11546 | Gauntlet | Reached skill level 13 in Long Blades
 11804 | Gauntlet | Identified the ring of the Garden {rPois rF+ Dex+2}
 11812 | Gauntlet | Noticed a minotaur
 11826 | Gauntlet | Killed a minotaur
 11827 | Gauntlet | Reached XP level 12. HP: 52/94 MP: 17/17
 12009 | Gauntlet | Identified the +1 demon whip of Discomfort {vamp, Drain Fly
                  | rElec Str+7}
 12010 | Gauntlet | Got the Compilation of the Monk
 12010 | Gauntlet | Got Sif Muna's Encyclopedia of the Displaced Spider
 12172 | D:10     | Found a broken altar of Ashenzari.
 12175 | D:10     | Noticed Joseph
 12207 | D:10     | Killed Joseph
 12460 | D:10     | Noticed a two-headed ogre
 12470 | D:10     | Killed a two-headed ogre
 12558 | D:10     | Noticed Gastronok
 12578 | D:10     | Killed Gastronok
 12579 | D:10     | Reached skill level 14 in Long Blades
 12579 | D:10     | Reached skill level 10 in Armour
 12784 | D:10     | Noticed Fannar
 12812 | D:10     | Killed Fannar
 13449 | D:11     | Reached skill level 5 in Shields
 13604 | D:11     | Noticed Harold
 13604 | D:11     | Noticed an eight-headed hydra
 13604 | D:11     | Noticed a two-headed ogre
 13606 | D:11     | Noticed a two-headed ogre
 13608 | D:11     | Noticed a two-headed ogre
 13609 | D:11     | Noticed a boulder beetle
 13821 | D:6      | Killed AberrantSnake's ghost
 14420 | D:12     | Found a staircase to the Orcish Mines.
 14787 | D:12     | Noticed a sun demon
 14793 | D:12     | Reached XP level 13. HP: 101/101 MP: 19/19
 14995 | D:12     | Noticed an entropy weaver
 15000 | D:12     | Killed an entropy weaver
 15177 | D:12     | Found a runed translucent door.
 15177 | D:12     | Noticed caec's ghost (journeyman DrTm)
 15181 | D:12     | Noticed Rupert
 15212 | D:12     | Reached ****** piety under the Shining One
 15225 | D:12     | Reached skill level 15 in Long Blades
 15309 | D:12     | Paralysed by Rupert for 4 turns
 15540 | D:12     | Killed Rupert
 15690 | D:12     | Noticed Urug
 15694 | D:12     | Found Fecuaw's Assorted Antiques.
 15703 | D:12     | Killed Urug
 15849 | D:12     | Bought a scroll of enchant armour for 180 gold pieces
 15849 | D:12     | Bought a pair of embroidered gloves for 180 gold pieces
 15849 | D:12     | Bought a scroll of identify for 48 gold pieces
 15849 | D:12     | Bought a brown potion for 21 gold pieces
 15849 | D:12     | Bought a ruby potion for 21 gold pieces
 15999 | Orc:1    | Entered Level 1 of the Orcish Mines
 15999 | Orc:1    | You are sucked into a shaft and drop 1 floor!
 15999 | Orc:2    | Entered Level 2 of the Orcish Mines
 17604 | Orc:2    | Noticed a centaur warrior
 18002 | Orc:2    | Killed a centaur warrior
 18184 | Orc:2    | Found a staircase to the Elven Halls.
 18307 | Orc:2    | Reached skill level 10 in Fighting
 18368 | Orc:2    | Reached XP level 14. HP: 87/110 MP: 14/20
 18530 | Abyss:2  | Cast into level 2 of the Abyss (red devil)
 18603 | Abyss:2  | Found a corrupted altar of Lugonu.
 18745 | Abyss:2  | Noticed a daeva
 18800 | Abyss:2  | Reached skill level 16 in Long Blades
 18804 | Abyss:2  | HP: 4/110 [raiju/living lightning (4)]
 18963 | Abyss:2  | Gained mutation: You are clumsy. (Dex -2) [a neqoxec]
 18965 | Abyss:2  | Gained mutation: You are frail. (-10% HP) [a neqoxec]
 18966 | Abyss:2  | Gained mutation: You are dopey. (Int -2) [a neqoxec]
 18968 | Abyss:2  | Gained mutation: Your body sometimes deteriorates upon
                  | taking damage. [a neqoxec]
 19003 | Abyss:2  | Noticed a bone dragon
 19031 | Abyss:2  | Slain by a bone dragon

Illustrated notes

########## #######
#..@>....# #......
#........# #......
#........# #......
#........# #......
#........#####......
######..............
#...#..............
#...#..............
#...'.<............


Turn 3658 on D:4: D:4

Levels and vault maps discovered:
D:1:      matt_arrival_grand_opening, layout_basic, minmay_misc_feat_pillars
D:2:      layout_loops_ring, serial_shops, shop,
          shapermc_ecumenical_altar_mp_ritualfount, uniq_crazy_yiuf_cottage,
          uniq_jessica
D:3:      layout_loops_ring, minmay_fractal_squares_diagonal_5
D:4:      layout_gridville, serial_shops, shop, nicolae_shop_advertising_works
          [nicolae_subvault_shop_adworks], minmay_misc_feat_ornament,
          uniq_robin, uniq_natasha
D:5:      layout_basic, makhleb_altar_promises_db, amcnicky_altar_gilded,
          uniq_blork_the_orc, uniq_sigmund, uniq_grinder
D:6:      layout_loops_corners, gammafunk_ghost_abyssal_escape, uniq_edmund
D:7:      layout_loops_corners, fedhas_altar_3,
          nicolae_yredelemnul_corpse_copse, zin_purify, general_overflow_altar,
          minmay_temple_entry_from_below_b, chequers_ossuary_entry_cave
D:8:      layout_basic, minmay_lair_entry_grove, uniq_psyche, uniq_pikel
D:9:      layout_small_grid, nicolae_uskayaw_en_pointe, special_room
          [special_room_orc], minmay_protected_statue
D:10:     layout_roguey, evilmike_ruin_ashenzari, lemuel_flamethrower_2,
          uniq_joseph, uniq_fannar, uniq_gastronok
D:11:     kennysheep_windowed_halls, layout_basic, serial_rivers,
          chequers_serial_rivers_small_b, chequers_serial_rivers_large_b,
          chequers_serial_rivers_micro_b, chequers_serial_rivers_micro_a,
          grunt_ministairs_14, uniq_harold
D:12:     wad_arrow_thing, layout_rooms, minmay_orc_entry_temple_small,
          serial_shops, nicolae_shop_rolling_square, gammafunk_ghost_grave,
          uniq_urug, uniq_rupert
Temple:   nicolae_temple_great_sept
Lair:1:   layout_roguey, gauntlet_entry_generic, pdpol_lair_cavern_descent
Orc:1:    nicolae_orc_accident_3, layout_caves
Orc:2:    st_orc_rangers, layout_caves, nicolae_orc_pool_cavern,
          guppyfry_orc_lava_fort
Abyss:2:  base: D:7, evilmike_abyss_exit_12, evilmike_abyss_exit_kraken,
          minivault_4, minivault_25_ag

Skill      XL: |  1  2  3  4  5  6  7  8  9 10 11 12 13 14 |
---------------+-------------------------------------------+-----
Armour         | 1 2 3 4 5 6 8 9 10 12 | 12.6
Fighting       | 4 5 6 7 8 9 10 | 10.2
Long Blades    | 4 6 7 9 11 13 14 15 16 | 16.0
Maces & Flails | 1 2 |  2.7
Invocations    | 1 2 3 4 5 6 8 9 |  9.4
Evocations     | 2 3 |  3.1
Throwing       | 2 3 4 |  4.2
Shields        | 1 4 5 6 7 |  7.1
Dodging        | |  3.0

Action                     |  1- 3 |  4- 6 |  7- 9 | 10-12 | 13-15 || total
---------------------------+-------+-------+-------+-------+-------++-------
  Melee: Falchion          |    72 |       |       |       |       ||    72
         Mace              |     7 |    84 |    17 |    24 |       ||   132
         Long sword        |       |       |   195 |   271 |       ||   466
         Scimitar          |       |       |       |   481 |   488 ||   969
  Throw: Dart              |       |       |       |    17 |     1 ||    18
         Javelin           |       |       |       |     2 |       ||     2
         Throwing net      |       |       |       |     1 |       ||     1
         Boomerang         |       |       |       |     2 |    34 ||    36
 Invoke: Cleansing Flame   |       |       |       |     4 |     3 ||     7
  Evoke: Wand              |       |       |       |     5 |     4 ||     9
    Use: Scroll            |       |    10 |     7 |    17 |     4 ||    38
         Potion            |       |       |       |     8 |     6 ||    14
 Armour: Robe              |     5 |       |       |       |       ||     5
         Plate armour      |    32 |   100 |   118 |   534 |    34 ||   818
         Ring mail         |     1 |       |       |       |       ||     1
         Scale mail        |       |       |       |       |   189 ||   189
  Dodge: Dodged            |    32 |    21 |    52 |   110 |   187 ||   402
  Block: Kite shield       |       |       |       |   561 |   586 ||  1147
